 Dungeon Crawl Stone Soup version 0.27.1 (webtiles) character file.

Game seed: 15976179889035149550

88 funkygono the Covered (level 4, -6/28 HPs)
             Began as a Gargoyle Fighter on Sept 4, 2021.
             Killed from afar by Natasha (8 damage)
             ... with a magic dart
             ... on level 2 of the Dungeon.
             The game lasted 00:03:38 (2147 turns).

funkygono the Covered (Gargoyle Fighter)            Turns: 2147, Time: 00:03:39

Health: -6/28      AC: 10    Str: 20    XL:     4   Next: 54%
Magic:  4/4        EV:  7    Int:  9    God:
Gold:   35         SH:  9    Dex:  9    Spells: 3/3 levels left

rFire    . . .     SeeInvis .   a - +0 flail
rCold    . . .     Faith    .   c - +0 kite shield
rNeg     + . .     Spirit   .   b - +0 scale mail
rPois    ∞         Reflect  .   (no helmet)
rElec    +         Harm     .   (no cloak)
rCorr    .         Rampage  .   (no gloves)
Will     .....                  (no boots)
Stlth    ..........             (no amulet)
HPRegen  0.09/turn              (no ring)
MPRegen  0.09/turn              (no ring)

@: mighty, slowed, very slow
A: sickness immunity, AC +3, negative energy resistance 1, electricity
resistance, torment resistance 1, petrification resistance
a: no special abilities


You were on level 2 of the Dungeon.
You visited 1 branch of the dungeon, and saw 2 of its levels.

You collected 35 gold pieces.

Inventory:

Hand Weapons
 a - a +0 flail (weapon)
 k - a +0 whip
Missiles
 i - 30 stones (quivered)
 m - 3 boomerangs
Armour
 b - a +0 scale mail (worn)
 c - a +0 kite shield (worn)
Magical Staves
 j - a staff of air
Scrolls
 f - 2 scrolls of magic mapping {unknown}
 h - a scroll of identify {unknown}
 l - a scroll of noise {unknown}
Potions
 e - a potion of brilliance {unknown}
 g - a potion of magic {unknown}


   Skills:
 * Level 3.6 Fighting
 * Level 3.0 Maces & Flails
 * Level 4.0 Armour
 * Level 0.7 Dodging
 * Level 3.9 Shields


You had 3 spell levels left.
You didn't know any spells.
Your spell library contained the following spells:

 Spells                   Type           Power      Damage    Failure   Level
 Summon Guardian Golem    Hex/Summ       0%         N/A       100%        3
 Orb of Destruction       Conj           0%         N/A       100%        7
 Spellforged Servitor     Conj/Summ      0%         N/A       100%        7


Dungeon Overview and Level Annotations

Branches:
Dungeon (2/15)

Altars:

Shops:
D:1 =

Annotations:
D:2 Natasha, Sigmund


Innate Abilities, Weirdness & Mutations

You are immune to sickness and miasma.
Your stone body is resilient. (AC +3)
You are immune to poison.
You resist negative energy. (rN+)
You are resistant to electric shocks. (rElec)
You are resistant to unholy torment.
You are immune to petrification.


Message History

You block Natasha's attack. Natasha claws you but does no damage.
Natasha claws you. Natasha barely misses you.
Natasha stares at you and mumbles some strange words.
You feel as though you will be slow longer.
Natasha mewls in sadness.
Natasha casts a spell at you.
You feel as though you will be slow longer.
You block Natasha's attack. Natasha claws you.
Natasha claws you but does no damage.
Natasha stares at you and mumbles some strange words.
The magic dart hits you. Something completely misses you. Natasha claws you!
* * * LOW HITPOINT WARNING * * *
Natasha stares at you and mumbles some strange words.
The magic dart hits you.
* * * LOW HITPOINT WARNING * * *
Sigmund appears from thin air!
Reactivating autopickup.
Sigmund casts a spell.
Sigmund flickers and vanishes!
Deactivating autopickup; reactivate with Ctrl-A.
Natasha casts a spell.
You see here a bat corpse.
A magic dart appears from out of thin air!
The magic dart hits you.
* * * LOW HITPOINT WARNING * * *
Natasha barely misses you.
Natasha mewls in sadness.
You block Natasha's attack. You block Natasha's attack.
You block something's attack.
You feel very mighty all of a sudden. Natasha claws you but does no damage.
You block something's attack.
Unknown command.
You block Natasha's attack. Natasha casts a spell at you.
The magic dart hits you!
You die...

# #+# #..####.# ##.#
# #.# #.......# #.# #
###.######
##.#########.### #
#........# #.#
#.....# # ##.#..###.#
#.# #.#.#.#
####......##.# #.#
#.#)#.#
....#.....##.# #.#
#.#.#.#
####......##.######.#
#.#.#.#
##.#...†.{5h.@...#
#.#....
#..#####.########
#.###.# #.######.#
#.###.# #........#
#.....# ##########
#######


You could see Natasha and a white imp (summoned).

Vanquished Creatures
  Terence (D:2)
  4 gnolls
  A dart slug (D:1)
  2 ball pythons
  2 endoplasms
  A giant cockroach (D:1)
  A goblin (D:1)
  3 hobgoblins (D:1)
  3 jackals (D:1)
  2 quokkas (D:1)
  2 bats
  A kobold (D:1)
  5 rats (D:1)
28 creatures vanquished.

Notes
Turn   | Place    | Note
-------+----------+-------------------------------------------
     0 | D:1      | funkygono the Gargoyle Fighter began the quest for the Orb.
     0 | D:1      | Reached XP level 1. HP: 14/14 MP: 1/1
   108 | D:1      | Found Xulodgh's Jewellery Emporium.
   249 | D:1      | Reached XP level 2. HP: 15/19 MP: 2/2
   760 | D:1      | Reached XP level 3. HP: 14/23 MP: 3/3
  1374 | D:2      | Noticed Terence
  1383 | D:2      | Killed Terence
  1441 | D:2      | Reached XP level 4. HP: 24/28 MP: 4/4
  1622 | D:2      | Reached skill level 4 in Armour
  2104 | D:2      | Noticed Natasha
  2108 | D:2      | Noticed Sigmund
  2141 | D:2      | HP: 1/28 [something/magic dart (6)]
  2147 | D:2      | Killed from afar by Natasha

Illustrated notes

Levels and vault maps discovered:
D:1:      nzn_arrival_settlement, layout_loops_corners, serial_shops,
          nicolae_shop_statue_plus, minivault_25
D:2:      layout_loops_corners, minmay_misc_feat_room, minmay_puff,
          uniq_sigmund, uniq_terence, uniq_natasha

Skill      XL: |  1  2  3  4 |
---------------+-------------+-----
Armour         | 4 |  4.0
Maces & Flails | 3 |  3.0
Fighting       | |  3.6
Dodging        | |  0.7
Shields        | |  3.9

Action                   |  1- 3 |  4- 6 || total
-------------------------+-------+-------++-------
Melee: Flail             |    87 |    30 ||   117
Throw: Stone             |     8 |    13 ||    21
  Use: Potion            |       |     1 ||     1
Armor: Scale mail        |    41 |    12 ||    53
Dodge: Dodged            |    21 |    18 ||    39
Block: Kite shield       |    47 |    27 ||    74
